 Dungeon Crawl Stone Soup version 0.25-a0-544-gee0576305d (webtiles) character file.

Game seed: 569381117908945177, levelgen mode: deterministic

2174 drasked the Covert (level 9, -6/48 HPs)
             Began as a Deep Elf Wizard on Feb 21, 2020.
             Was a Believer of Vehumet.
             Mangled by a two-headed ogre
             ... wielding a +0 giant club
              (15 damage)
             ... on level 8 of the Dungeon.
             The game lasted 00:22:47 (9012 turns).

drasked the Covert (Deep Elf Wizard)                Turns: 9012, Time: 00:22:47

Health: -6/48      AC:  2    Str:  4    XL:     9   Next: 11%
Magic:  0/21       EV: 13    Int: 27    God:    Vehumet [**....]
Gold:   433        SH:  0    Dex: 13    Spells: 14/22 levels left

rFire    . . .     SeeInvis .   y - +1 dagger (holy)
rCold    + + .     Gourm    .   (no shield)
rNeg     . . .     Faith    .   a - +0 robe
rPois    .         Spirit   .   b - +0 hat
rElec    .         Reflect  .   (no cloak)
rCorr    .         Harm     .   (no gloves)
MR       .....                  (no boots)
Stlth    ++........             (no amulet)
HPRegen  0.16/turn              I - ring of protection from cold {rC+, !d}
MPRegen  0.17/turn              u - ring of protection from cold {rC+, !d}

@: confused
A: no striking features
a: Renounce Religion


You were on level 8 of the Dungeon.
You worshipped Vehumet.
Vehumet was pleased with you.
You were not hungry.

You visited 2 branches of the dungeon, and saw 9 of its levels.

You collected 433 gold pieces.

Inventory:

Hand Weapons
 y - a +1 dagger of holy wrath (weapon)
   (You took it off an orc wizard on level 3 of the Dungeon)
Missiles
 t - 2 throwing nets {=f, !d=f}
Armour
 a - a +0 robe (worn)
 b - a +0 hat (worn)
Magical Staves
 J - an uncursed staff of energy {unknown}
   (You found it on level 7 of the Dungeon)
Jewellery
 u - a ring of protection from cold (right hand) {rC+, !d}
   (You found it on level 2 of the Dungeon)
 D - an uncursed ring of poison resistance {unknown}
   (You found it on level 6 of the Dungeon)
 I - a ring of protection from cold (left hand) {rC+, !d}
   (You found it on level 1 of the Dungeon)
Wands
 f - a wand of paralysis (11)
   (You found it on level 4 of the Dungeon)
 F - a wand of flame (29)
   (You found it on level 6 of the Dungeon)
 H - a wand of polymorph (10)
   (You found it on level 6 of the Dungeon)
 K - a wand of disintegration (9)
   (You found it on level 7 of the Dungeon)
Scrolls
 c - a scroll of fear {unknown}
 g - 2 scrolls of random uselessness {unknown}
 h - 4 scrolls of enchant weapon {unknown}
 i - 3 scrolls of identify
 m - 2 scrolls of enchant armour {unknown}
 n - 3 scrolls of remove curse {unknown}
 o - 2 scrolls of magic mapping {unknown}
 s - 3 scrolls of immolation {unknown}
 v - 3 scrolls of fog {unknown}
 x - a scroll of amnesia {unknown}
 z - a scroll of blinking {unknown}
 E - a scroll of silence {unknown}
 G - 2 scrolls of teleportation {unknown}
Potions
 d - 2 potions of might
 j - a potion of mutation {unknown}
 k - a potion of stabbing {unknown}
 l - 5 potions of heal wounds
 p - a potion of haste {unknown}
 q - 2 potions of curing
 r - 3 potions of flight
 w - 2 potions of brilliance {unknown}
 A - a potion of degeneration {unknown}
 B - a potion of invisibility {unknown}
 C - a potion of magic {unknown}
 L - a potion of lignification {unknown}
Comestibles
 e - 12 rations
 M - a chunk of flesh {@w0}


   Skills:
 + Level 2.1 Fighting
 - Level 5.0 Short Blades
 - Level 2.4 Dodging
 + Level 9.7 Stealth
 - Level 7.2 Spellcasting
 + Level 6.2 Conjurations
 - Level 1.1 Summonings
 - Level 1.1 Translocations
 + Level 1.3 Air Magic
 + Level 1.5 Poison Magic


You had 14 spell levels left.
You knew the following spells:

 Your Spells              Type           Power        Failure   Level  Hunger
a - Magic Dart            Conj           ####         1%          1    None
b - Blink                 Tloc           N/A          5%          2    None
c - Call Imp              Summ           ###.....     5%          2    None
x - Mephitic Cloud        Conj/Pois/Air  ####....     4%          3    None

Your spell library contained the following spells:

 Spells                   Type           Power        Failure   Level  Hunger
 Sandblast                Erth           #.....       6%          1    None
 Conjure Flame            Conj/Fire      ####....     4%          3    None
 Slow                     Hex            #.......     9%          2    None


Dungeon Overview and Level Annotations

Branches:
Dungeon (8/15)             Temple (1/1) D:4
   Lair: D:8-11

Altars:
Cheibriados
Dithmenos
Kikubaaqudgha
Nemelex Xobeh
Qazlal
Ru
Sif Muna
Trog
Uskayaw
Vehumet
Yredelemnul
Zin
The Shining One

Shops:
D:4 (


Message History

A hound comes into view.
A hound is nearby!
Aim: a hound (hasn't noticed you)
The magic dart hits the hound but does no damage.
The hound barks!
Aim: a hound The magic dart hits the hound.
The hound barely misses you. The hound closely misses you.
Aim: a hound (moderately wounded)
The magic dart hits the hound.
The hound bites you.
Aim: a hound (heavily wounded)
The magic dart hits the hound.
The hound bites you but does no damage. The hound bites you.
Aim: a hound (heavily wounded)
The magic dart hits the hound!
The hound barely misses you.
Aim: a hound (almost dead)
The magic dart hits the hound.
You kill the hound!
Aim: a kobold The magic dart hits the kobold.
Aim: a kobold (severely wounded)
The magic dart hits the kobold.
You kill the kobold!
Vehumet offers you knowledge of Sandblast.
You start resting.
Your magical contamination has completely faded away.
You start resting.
A two-headed ogre comes into view. It is wielding two +0 giant clubs.
Aim: a two-headed ogre, wielding two +0 giant clubs (hasn't noticed you)
The magic dart hits the two-headed ogre.
The two-headed ogre shouts in stereo!
The ball explodes into a vile cloud!
The stinking cloud engulfs the two-headed ogre but does no damage.
You hear a croak.
The two-headed ogre is engulfed in noxious fumes.
The two-headed ogre appears confused.
The two-headed ogre is engulfed in noxious fumes.
The two-headed ogre appears confused.
You see here a hound corpse.
You butcher the hound corpse.
Things that are here:
a chunk of flesh {@w0}; a hound skeleton The two-headed ogre is engulfed in noxious fumes.
A bullfrog comes into view.
Things that are here:
a chunk of flesh {@w0}; a hound skeleton
M - a chunk of flesh {@w0} A sky beast comes into view.
The two-headed ogre is engulfed in noxious fumes.
The two-headed ogre appears confused.
Aim: a bullfrog (hasn't noticed you)
The ball explodes into a vile cloud!
The stinking cloud engulfs the bullfrog but does no damage.
The bullfrog croaks.
* * * LOW MAGIC WARNING * * *
You hear a shout!
The bullfrog is engulfed in noxious fumes.
The bullfrog appears confused.
Aim: a bullfrog (lightly wounded, confused)
The magic dart hits the bullfrog.
* * * LOW MAGIC WARNING * * *
The bullfrog is engulfed in noxious fumes.
The bullfrog appears confused.
Aim: a bullfrog (noxious fumes, moderately wounded, confused)
The magic dart hits the bullfrog.
* * * LOW MAGIC WARNING * * *
The bullfrog is engulfed in noxious fumes.
The bullfrog appears confused.
The two-headed ogre laughs crazily.
Aim: a bullfrog (noxious fumes, severely wounded, confused)
The magic dart hits the bullfrog.
* * * LOW MAGIC WARNING * * *
The bullfrog is engulfed in noxious fumes.
The bullfrog appears confused.
The bullfrog is engulfed in noxious fumes.
The bullfrog appears confused.
Okay, then.
The two-headed ogre seems less confused.
The sky beast flickers out of sight!
Deactivating autopickup; reactivate with Ctrl-A.
The ball explodes into a vile cloud!
The stinking cloud engulfs the two-headed ogre but does no damage.
The stinking cloud engulfs something but does no damage.
* * * LOW MAGIC WARNING * * *
The two-headed ogre hits you with a +0 giant club!
The two-headed ogre closely misses you.
The ball explodes into a vile cloud!
The stinking cloud engulfs something but does no damage.
The stinking cloud engulfs the two-headed ogre but does no damage.
The stinking cloud engulfs you but does no damage.
* * * LOW MAGIC WARNING * * *
You are engulfed in noxious fumes.
You choke on the stench!
You are confused.
Something hits you. Something shocks you.
* * * LOW HITPOINT WARNING * * *
The two-headed ogre is engulfed in noxious fumes.
The two-headed ogre hits you with a +0 giant club!
* * * LOW HITPOINT WARNING * * *
The two-headed ogre hits you with a +0 giant club!
You die...

######## #.†...#
###..?..# #...F...#
#.##÷...# #.###.#.#
.######.☼#..#.#####
......☼§☼⌠.........
.#.#.☼§O...#.#####
#.#§@⌠##..# #<...##
.## ####.# Y# #...
## ..##.# ### #


You could see a two-headed ogre.

Levels and vault maps discovered:
D:1:      lemuel_arrival_funnel, layout_basic
D:2:      layout_rooms, grunt_ministairs_6, uniq_sigmund
D:3:      layout_loops_cross, first_ration
D:4:      layout_cave_pods, lemuel_doored_altar, temple_doors_cd, serial_shops,
          shop, serial_rivers, chequers_serial_rivers_micro_d,
          chequers_serial_rivers_large_a, chequers_serial_rivers_room_a,
          chequers_serial_rivers_large_b, chequers_serial_rivers_room_b,
          minmay_fountain_box
D:5:      layout_cave_pools, lemuel_crystal_altar, uniq_duvessa
D:6:      layout_basic, nicolae_overflow_hidden_temple
D:7:      layout_rooms
D:8:      layout_loops_cross, nemelex_xobeh_ov_fountains_minmay, serial_shops,
          nicolae_shop_stone, uniq_harold
Temple:   dpeg_five_rooms_temple

Notes
Turn   | Place    | Note
-------+----------+-------------------------------------------
     0 | D:1      | drasked the Deep Elf Wizard began the quest for the Orb.
     0 | D:1      | Reached XP level 1. HP: 10/10 MP: 7/7
    77 | D:1      | Identified a +0 club
    79 | D:1      | Identified a +0 dagger (You found it on level 1 of the
                  | Dungeon)
   130 | D:1      | Identified a +0 club
   182 | D:1      | Identified a +0 club
   236 | D:1      | Reached skill level 3 in Stealth
   236 | D:1      | Reached XP level 2. HP: 15/15 MP: 6/9
   263 | D:1      | Identified a +0 club
   343 | D:1      | Identified a +0 club
   345 | D:1      | Identified a +0 dagger
   350 | D:1      | Identified a +0 club
   567 | D:1      | Identified a +0 club
   569 | D:1      | Reached skill level 2 in Conjurations
   624 | D:1      | Reached skill level 1 in Short Blades
   765 | D:1      | Reached XP level 3. HP: 19/19 MP: 8/10
  1253 | D:1      | Learned a level 2 spell: Blink
  1256 | D:1      | Learned a level 2 spell: Call Imp
  1260 | D:1      | Learned a level 3 spell: Mephitic Cloud
  1448 | D:2      | Identified a +0 club
  1544 | D:2      | Identified a +0 dagger
  1768 | D:2      | Reached XP level 4. HP: 24/24 MP: 8/12
  1906 | D:2      | Identified a +0 club
  1931 | D:2      | Identified a +0 scythe
  1931 | D:2      | Identified a +2 robe of fire resistance
  1931 | D:2      | Noticed Sigmund
  1952 | D:2      | HP: 5/24 [Sigmund/+0 scythe (11)]
  1962 | D:2      | Killed Sigmund
  1962 | D:2      | Reached skill level 2 in Short Blades
  1962 | D:2      | Reached skill level 5 in Stealth
  1962 | D:2      | Reached skill level 3 in Conjurations
  1962 | D:2      | Reached XP level 5. HP: 7/28 MP: 0/13
  2313 | D:3      | Identified a +0 mace
  2314 | D:3      | Identified a +0 hand axe
  2316 | D:3      | Identified a +0 dagger
  2320 | D:3      | Reached skill level 3 in Short Blades
  2321 | D:3      | Identified a +0 club
  2321 | D:3      | Identified a +0 chain mail
  2324 | D:3      | Reached XP level 6. HP: 32/32 MP: 4/14
  2610 | D:3      | Reached skill level 4 in Conjurations
  2937 | D:3      | Identified a +0 dagger
  2960 | D:3      | Identified a +0 club
  3127 | D:3      | Identified a +1 dagger of holy wrath
  3127 | D:3      | Identified a cursed +0 robe
  3134 | D:3      | Identified a +0 club
  3134 | D:3      | Identified a +0 ring mail
  3134 | D:3      | Identified a +0 dagger
  3149 | D:3      | Identified a cursed -2 hand axe
  3155 | D:3      | Identified a +0 flail
  3342 | D:3      | Identified 5 scrolls of identify
  3342 | D:3      | Identified 3 potions of heal wounds
  3343 | D:3      | Identified 2 potions of curing
  3344 | D:3      | Identified 2 potions of might
  3345 | D:3      | Identified 2 potions of flight
  3346 | D:3      | Identified a ring of protection from cold (You found it on
                  | level 1 of the Dungeon)
  3778 | D:4      | Found Secocu's Weapon Emporium.
  3796 | D:4      | Found a shadowy altar of Dithmenos.
  3815 | D:4      | Reached skill level 6 in Stealth
  4156 | D:4      | Found a staircase to the Ecumenical Temple.
  4161 | Temple   | Entered the Ecumenical Temple
  4234 | Temple   | Became a worshipper of Vehumet
  4377 | D:4      | Reached XP level 7. HP: 36/36 MP: 10/15
  4767 | D:5      | Entered Level 5 of the Dungeon
  4767 | D:5      | Identified a +0 falchion
  4768 | D:5      | Identified a +0 giant club
  4775 | D:4      | Reached skill level 4 in Short Blades
  4775 | D:4      | HP: 8/36 [iguana (6)]
  4781 | D:4      | HP: 7/36 [iguana (2)]
  4786 | D:4      | HP: 2/36 [iguana (5)]
  5070 | D:5      | Identified a +0 short sword
  5070 | D:5      | Identified a +0 chain mail
  5070 | D:5      | Noticed Duvessa
  5155 | D:5      | Reached skill level 5 in Spellcasting
  5164 | D:5      | Identified a +0 giant club
  5178 | D:4      | HP: 9/36 [ogre/+0 giant club (9)]
  5455 | D:5      | Reached skill level 7 in Stealth
  5531 | D:5      | Identified a +0 short sword of draining
  5531 | D:5      | Identified a +0 leather armour
  5593 | D:5      | Reached skill level 5 in Short Blades
  5593 | D:5      | Reached skill level 6 in Spellcasting
  5672 | D:5      | Reached XP level 8. HP: 31/41 MP: 12/19
  5887 | D:5      | Identified a +0 dagger
  5887 | D:5      | Identified a +0 robe
  5887 | D:5      | Noticed Dowan
  5900 | D:5      | Killed Dowan
  5932 | D:5      | Killed Duvessa
  5932 | D:5      | Reached skill level 8 in Stealth
  6219 | D:5      | Found a sacrificial altar of Ru.
  6483 | D:6      | Reached skill level 7 in Spellcasting
  6510 | D:6      | Found a glowing golden altar of the Shining One.
  6551 | D:6      | Reached * piety under Vehumet
  6551 | D:6      | Offered knowledge of Shock by Vehumet.
  6684 | D:6      | Reached skill level 5 in Conjurations
  6836 | D:6      | Identified a +0 whip
  7021 | D:6      | Identified a +0 giant club
  7030 | D:6      | Reached skill level 9 in Stealth
  7402 | D:6      | Identified a +0 leather armour
  7664 | D:7      | Identified a +0 shortbow
  7664 | D:7      | Identified a +0 flail
  7664 | D:7      | Identified a +0 leather armour
  7664 | D:7      | Identified a +0 dagger
  7665 | D:7      | Reached skill level 1 in Fighting
  7761 | D:7      | Identified a +0 dagger
  7761 | D:7      | Identified a +0 dagger
  7761 | D:7      | Identified a +0 short sword
  7943 | D:7      | Identified a +0 dagger
  7955 | D:7      | Identified a +0 short sword
  7983 | D:7      | Reached skill level 6 in Conjurations
  8088 | D:7      | Identified a +0 giant club
  8098 | D:7      | Reached XP level 9. HP: 48/48 MP: 11/21
  8210 | D:7      | Reached skill level 1 in Poison Magic
  8404 | D:7      | Reached skill level 1 in Air Magic
  8652 | D:8      | Identified a +0 giant club
  8654 | D:8      | Reached skill level 2 in Fighting
  8657 | D:8      | Identified a +0 club
  8658 | D:8      | Identified a +0 dagger
  8662 | D:8      | Identified a +0 dagger
  8668 | D:7      | HP: 5/48 [acid (8)]
  8670 | D:7      | Reached ** piety under Vehumet
  8957 | D:8      | Found a sparkling altar of Nemelex Xobeh.
  8983 | D:8      | Offered knowledge of Sandblast by Vehumet.
  8991 | D:8      | Identified a +0 giant club
  8991 | D:8      | Identified a +0 giant club
  8991 | D:8      | Noticed a two-headed ogre
  9012 | D:8      | HP: 9/48 [two-headed ogre/+0 giant club (17)]
  9012 | D:8      | Mangled by a two-headed ogre

Table legend:
 A = Turns spent in this place as a percentage of turns spent in the entire game.
 B = Non-inter-level travel turns spent in this place as a percentage of non-inter-level travel turns spent in the entire game.
 C = Inter-level travel turns spent in this place as a percentage of turns spent in this place.
 D = Turns resting spent in this place as a percentage of non-inter-level travel turns spent in this place.
 E = Turns spent auto-exploring this place as a percentage of non-inter-level travel turns spent in this place.
 F = Non-inter-level travel turns spent in this place divided by the number of levels of this place that you've seen.
                   A       B       C       D       E      F
               +-------+-------+-------+-------+-------+----------------------
         Total | 100.0 | 100.0 |   3.9 |  44.6 |  43.5 | 962.1
       Dungeon |  98.6 |  99.1 |   3.4 |  45.0 |  43.2 | 1073.0
        Temple |   1.4 |   0.9 |  39.0 |   0.0 |  88.0 |  75.0
               +-------+-------+-------+-------+-------+----------------------

Table legend:
 A = Kills in this place as a percentage of kills in entire the game.
 B = Kills by you in this place as a percentage of kills by you in the entire game.
 C = Kills by friends in this place as a percentage of kills by friends in the entire game.
 D = Other kills in this place as a percentage of other kills in the entire game.
 E = Experience gained in this place as a percentage of experience gained in the entire game.
 F = Experience gained in this place divided by the number of levels of this place that you have seen.
                   A       B       C       D       E      F
               +-------+-------+-------+-------+-------+----------------------
         Total | 100.0 | 100.0 |   N/A | 100.0 | 100.0 | 345.2
       Dungeon | 100.0 | 100.0 |   N/A | 100.0 | 100.0 | 388.4
               +-------+-------+-------+-------+-------+----------------------

Skill      XL: |  1  2  3  4  5  6  7  8  9 |
---------------+----------------------------+-----
Stealth        | 3 5 6 7 9 |  9.7
Conjurations   | 2 3 4 6 |  6.2
Short Blades   | 1 2 3 5 |  5.0
Spellcasting   | 6 7 |  7.2
Fighting       | 1 2 |  2.1
Poison Magic   | 1 |  1.5
Air Magic      | 1 |  1.3
Dodging        | |  2.4
Summonings     | |  1.1
Translocations | |  1.1

Action                   |  1- 3 |  4- 6 |  7- 9 || total
-------------------------+-------+-------+-------++-------
Melee: Dagger            |       |    16 |    60 ||    76
Throw: Stone             |       |       |     3 ||     3
 Cast: Magic Dart        |    98 |   107 |   208 ||   413
       Mephitic Cloud    |       |     5 |    33 ||    38
       Blink             |       |       |     2 ||     2
  Use: Scroll            |       |     4 |       ||     4
 Stab: Confused          |       |     3 |    14 ||    17
       Sleeping          |       |       |     9 ||     9
  Eat: Chunk             |     2 |     6 |     8 ||    16
       Ration            |       |     1 |     2 ||     3
Armor: Robe              |     3 |     1 |     7 ||    11
Dodge: Dodged            |     6 |    15 |    58 ||    79

Vanquished Creatures
  Sigmund (D:2)
  Duvessa (D:5)
  A sky beast (D:5)
  2 ice beasts
  4 ogres
  A phantom (D:6)
  A centaur (D:7)
  2 big kobolds (D:7)
  A bullfrog (D:6)
  Dowan (D:5)
  A scorpion (D:7)
  2 howler monkeys
  A crimson imp (D:5)
  A bullfrog zombie (D:6)
  2 jellies
  A bullfrog skeleton (D:5)
  3 hounds
  2 orc priests (D:3)
  An orc wizard (D:3)
  2 centaur skeletons (D:4)
  2 iguanas
  3 worker ants
  A howler monkey zombie (D:6)
  A howler monkey skeleton (D:7)
  11 adders
  3 shadow imps (D:5)
  2 oozes
  An adder skeleton (D:8)
  A worm (D:3)
  4 dart slugs
  2 leopard geckos
  13 orcs
  2 ball pythons
  9 bats
  8 giant cockroaches
  10 goblins
  6 hobgoblins
  3 jackals
  5 quokkas
  A frilled lizard (D:1)
  A jackal zombie (D:7)
  14 kobolds
  A quokka skeleton (D:6)
  A quokka zombie (D:6)
  11 rats
147 creatures vanquished.
